 Dungeon Crawl Stone Soup version 0.27-a0-926-g0e6d912 (webtiles) character file.

Game seed: 5117392897466461883

1007 Nithhogg the Skirmisher (level 8, -2/63 HPs)
             Began as a Demonspawn Fighter on Apr 9, 2021.
             Was a Believer of Makhleb.
             Slain by a lemure (5 damage)
             ... led by Pikel
             ... on level 5 of the Dungeon.
             The game lasted 00:05:05 (4995 turns).

Nithhogg the Skirmisher (Demonspawn Fighter)        Turns: 4995, Time: 00:05:05

Health: -2/63      AC: 12    Str: 19    XL:     8   Next: 0%
Magic:  8/8        EV:  4    Int: 14    God:    Makhleb [**....]
Gold:   256        SH: 10    Dex: 12    Spells: 7/7 levels left

rFire    . . .     SeeInvis .   a - +0 long sword
rCold    . . .     Faith    .   c - +0 kite shield
rNeg     . . .     Spirit   .   o - +0 plate armour
rPois    .         Reflect  .   (no helmet)
rElec    .         Harm     .   (no cloak)
rCorr    .         Rampage  .   (no gloves)
Will     .....                  (no boots)
Stlth    ..........             (no amulet)
HPRegen  0.20/turn              (no ring)
MPRegen  0.11/turn              (no ring)

@: mighty
A: hooves 1, spiny 1, big brain 2
a: Renounce Religion, Minor Destruction


You were on level 5 of the Dungeon.
You worshipped Makhleb.
Makhleb was pleased with you.
You visited 1 branch of the dungeon, and saw 5 of its levels.

You collected 256 gold pieces.

Inventory:

Hand Weapons
 a - a +0 long sword (weapon)
Armour
 b - a +0 scale mail
 c - a +0 kite shield (worn)
 o - a +0 plate armour (worn)
Wands
 v - a wand of polymorph (9)
 y - a wand of flame (17)
 A - a wand of iceblast (9)
Scrolls
 f - 2 scrolls of amnesia
 g - a scroll of silence {unknown}
 m - 2 scrolls of immolation
 p - 3 scrolls of teleportation {unknown}
 q - 2 scrolls of noise {unknown}
 r - a scroll of blinking {unknown}
 s - a scroll of enchant weapon {unknown}
 t - a scroll of identify
 w - a scroll of fog {unknown}
 x - a scroll of vulnerability {unknown}
 z - a scroll of brand weapon {unknown}
Potions
 d - a potion of might
 e - 3 potions of attraction {unknown}
 h - 2 potions of cancellation {unknown}
 i - a potion of flight {unknown}
 j - a potion of curing {unknown}
 k - a potion of magic {unknown}
 l - 2 potions of lignification {unknown}
 n - a potion of ambrosia {unknown}
 u - a potion of degeneration {unknown}


   Skills:
 + Level 5.4 Fighting
 + Level 4.4 Long Blades
 + Level 5.0 Armour
 + Level 5.0 Shields


You had 7 spell levels left.
You didn't know any spells.
Your spell library contained the following spells:

 Spells                   Type           Power      Damage    Failure   Level
 Confusing Touch          Hex            0%         N/A       100%        3
 Gell's Gravitas          Tloc           0%         N/A       100%        3
 Petrify                  Tmut/Erth      0%         N/A       100%        4
 Metabolic Englaciation   Hex/Ice        0%         N/A       100%        5
 Yara's Violent Unravell  Hex/Tmut       0%         3d3       100%        5


Dungeon Overview and Level Annotations

Branches:
Dungeon (5/15)             Temple (0/1) D:4

Altars:
Ashenzari
Makhleb
Ru

Annotations:
D:5 Pikel


Innate Abilities, Weirdness & Mutations

You have large cloven feet.
You are partially covered in sharp spines.
You have an extremely huge brain. (Int +4)


Message History

The lemure is struck by your spines. The lemure hits you.
* * * LOW HITPOINT WARNING * * *
You slash Pikel! Your kick misses Pikel.
Pikel is heavily wounded.
The lemure hits you.
* * * LOW HITPOINT WARNING * * *
You block the lemure's attack. You block Pikel's attack.
The lemure hits you but does no damage.
Your plate armour prevents you from hitting Pikel.
Pikel is heavily wounded.
The lemure hits you but does no damage. Pikel hits you but does no damage.
You block the lemure's attack.
You closely miss Pikel. You kick Pikel, but do no damage.
Pikel is heavily wounded.
Pikel hits you but does no damage. You block the lemure's attack.
The lemure hits you.
* * * LOW HITPOINT WARNING * * *
You block Pikel's attack. The lemure hits you.
* * * LOW HITPOINT WARNING * * *
You feel very mighty all of a sudden. The lemure hits you but does no damage.
Pikel is struck by your spines. Pikel barely misses you.
The lemure is struck by your spines. The lemure hits you but does no damage.
You hit Pikel. You kick Pikel, but do no damage.
Pikel is heavily wounded.
You block the lemure's attack. x2; You block Pikel's attack.
The lemure hits you!
* * * LOW HITPOINT WARNING * * *
You hit Pikel but do no damage. You kick Pikel!
Pikel is severely wounded.
You block the lemure's attack. You block Pikel's attack.
The lemure barely misses you.
You riposte.
You miss the lemure. You kick the lemure, but do no damage.
The lemure is heavily wounded.
You closely miss Pikel. Your kick misses Pikel.
Pikel is severely wounded.
You block the lemure's attack. You block Pikel's attack.
The lemure is struck by your spines. The lemure hits you but does no damage.
Pikel hits you but does no damage. The lemure hits you.
You die...

..........##..##....#..##.....
...........5K..##......##....>
........#..#...#..............
...........###...........##...
...........####..........# .
............#............# .
#.............##.......## #
##......#..55.##.......#
#....#.....@.........## #.
.....#.#....K...#..... #.##
.........#......##.... ##...
.........#........... #.#..
............... .....
..................... .[...
.......... #...............>...
........# ##...................
.....)..###..##................


You could see Pikel and 2 lemures.

Vanquished Creatures
  Menkaure (D:5)
  A black bear (D:5)
  A necrophage (D:4)
  2 ogres (D:4)
  2 lemures
  A phantom (D:4)
  Blork the orc (D:5)
  A centaur skeleton (D:4)
  A centaur zombie (D:5)
  A gnoll shaman (D:5)
  A hound (D:4)
  A jelly (D:5)
  A hound skeleton (D:4)
  Robin (D:3)
  6 adders
  9 gnolls
  An ufetubus (D:5)
  A dart slug (D:3)
  5 orcs
  13 endoplasms
  5 giant cockroaches
  11 goblins
  10 hobgoblins
  8 kobolds
  3 quokkas
  7 ball pythons
  2 bats
  2 frilled lizards
  6 rats
105 creatures vanquished.

Vanquished Creatures (others)
  4 plants (D:4)
4 creatures vanquished.

Grand Total: 109 creatures vanquished

Notes
Turn   | Place    | Note
-------+----------+-------------------------------------------
     0 | D:1      | Nithhogg the Demonspawn Fighter began the quest for the
                  | Orb.
     0 | D:1      | Reached XP level 1. HP: 18/18 MP: 1/1
    67 | D:1      | Found a faded altar of an unknown god.
   333 | D:1      | Gained mutation: You have an unusually large brain. (Int
                  | +2) [demonic ancestry]
   333 | D:1      | Reached XP level 2. HP: 20/24 MP: 2/2
   846 | D:2      | Gained mutation: You are partially covered in sharp spines.
                  | [demonic ancestry]
   846 | D:2      | Reached XP level 3. HP: 15/29 MP: 3/3
  1215 | D:2      | Found a burning altar of Makhleb.
  1224 | D:2      | Became a worshipper of Makhleb the Destroyer
  1838 | D:3      | Noticed Robin
  1860 | D:3      | Killed Robin
  1861 | D:3      | Reached XP level 4. HP: 17/35 MP: 4/4
  2054 | D:3      | Reached * piety under Makhleb
  2222 | D:3      | You fall into a shaft and drop 1 floor!
  2231 | D:3      | Found a broken altar of Ashenzari.
  2660 | D:4      | Reached XP level 5. HP: 42/42 MP: 5/5
  2710 | D:4      | Found a staircase to the Ecumenical Temple.
  2741 | D:4      | Noticed a necrophage
  2748 | D:4      | Killed a necrophage
  2749 | D:4      | Gained mutation: You have large cloven feet. [demonic
                  | ancestry]
  2749 | D:4      | Reached XP level 6. HP: 48/48 MP: 6/6
  3008 | D:4      | Reached ** piety under Makhleb
  3637 | D:4      | Reached XP level 7. HP: 55/55 MP: 7/7
  3728 | D:4      | Found a sacrificial altar of Ru.
  4020 | D:5      | Entered Level 5 of the Dungeon
  4020 | D:5      | Noticed Blork the orc
  4030 | D:5      | Killed Blork the orc
  4208 | D:5      | Reached skill level 5 in Fighting
  4241 | D:5      | Noticed Menkaure
  4251 | D:5      | Killed Menkaure
  4515 | D:5      | Reached skill level 5 in Shields
  4679 | D:5      | Reached skill level 5 in Armour
  4679 | D:5      | Gained mutation: You have an extremely huge brain. (Int +4)
                  | [demonic ancestry]
  4679 | D:5      | Reached XP level 8. HP: 63/63 MP: 8/8
  4699 | D:5      | Noticed Pikel
  4993 | D:5      | HP: 3/63 [lemure[Pikel] (7)]
  4995 | D:5      | Slain by a lemure

Illustrated notes

Levels and vault maps discovered:
D:1:      sevenhm_arrival_forest_fort_small_6, layout_basic,
          shapermc_ecumenical_altar_notcrosses,
          hangedman_abyss_or_decor_lesser_grid, roderic_roman_lattice,
          kennysheep_another_room, serial_bayou_pond_e
D:2:      layout_basic, basic_altar, minmay_crystal_water, feat_on_display
D:3:      layout_loops_ring, evilmike_ruin_ashenzari, uniq_robin
D:4:      layout_basic, lemuel_coloured_pillars_altar,
          minmay_temple_entry_overgrown
D:5:      layout_cave_pools, grunt_gozag_statues, uniq_crazy_yiuf_cottage,
          uniq_menkaure, uniq_pikel, uniq_blork_the_orc

Skill      XL: |  1  2  3  4  5  6  7 |
---------------+----------------------+-----
Long Blades    | 2 3 4 |  4.4
Armour         | 3 4 5 |  5.0
Shields        | 3 4 5 |  5.0
Fighting       | 4 5 |  5.4

Action                   |  1- 3 |  4- 6 |  7- 9 || total
-------------------------+-------+-------+-------++-------
Melee: Long sword        |    81 |   114 |    74 ||   269
       Kick              |       |    13 |    30 ||    43
  Use: Scroll            |     3 |       |       ||     3
       Potion            |       |       |     1 ||     1
Armor: Scale mail        |    22 |       |       ||    22
       Plate armour      |    22 |    71 |    60 ||   153
Dodge: Dodged            |    24 |    18 |    10 ||    52
Block: Kite shield       |    41 |    56 |    55 ||   152
       Rpst.: Long sword |     8 |     5 |     5 ||    18

Table legend: (Time is in decaauts)
 A = Elapsed time spent in this place.
 B = Non-inter-level travel time spent in this place.
 C = Inter-level travel time spent in this place.
 D = Time resting spent in this place.
 E = Time spent auto-exploring this place.
 F = Levels seen in this place.
 G = Mean time per level.
                   A        B        C        D        E       F      G
               +--------+--------+--------+--------+--------+-----+--------+
         Total |   5125 |   5006 |    119 |    472 |   3761 |   5 | 1025.0 |
       Dungeon |   5125 |   5006 |    119 |    472 |   3761 |   5 | 1025.0 |
               +--------+--------+--------+--------+--------+-----+--------+

Top non-repeatable levels by time:
     D:4: 1480 daAuts
     D:2: 1061 daAuts
     D:3: 1033 daAuts
     D:1: 812 daAuts
     D:5: 738 daAuts
